Map: Honorgrounds LE

Players

Railgan - Winner!

  • Race: Zerg Zerg
  • League: Grandmaster
  • Spawn Location: 11:00

StekepaNNe

  • Race: Zerg Zerg
  • League: Master
  • Spawn Location: 7:00

VOD

Have the link to the VOD?

Description

Time

  • Played on: March 18, 2017, 8:03 p.m.
  • Length: 8:05
Show
View Real Time Build Order
Export as new Build Order

Railgan Zerg - Winner!

Build Orders: Hatch First 

Get SALT Encoding   

  12  0:01  Drone  
  13  0:13  Overlord  
  13  0:18  Drone  
  14  0:32  Drone x2  
  14  0:35  Drone  
  17  0:47  Drone  
  18  0:56  Hatchery  
  17  1:00  Drone  
  17  1:01  Extractor  
  17  1:16  Spawning Pool  
  16  1:18  Drone  
  16  1:21  Drone  
  18  1:28  Drone  
  19  1:39  Overlord  
  19  1:54  Drone  
  20  2:02  Queen  
  20  2:04  Zergling x2  
  20  2:08  Drone, Queen  
  24  2:13  Zergling x2  
  24  2:14  Metabolic Boost  
  27  2:19  Drone  
  27  2:22  Drone  
  29  2:32  Drone  
  29  2:36  Drone  
  31  2:41  Overlord  
  31  2:42  Baneling Nest  
  31  2:44  Queen  
  30  2:48  Zergling x2  
  33  2:55  Drone  
  33  2:56  Drone  
  35  3:03  Drone  
  36  3:06  Zergling x2  
  36  3:12  Drone x2  
  38  3:18  Drone x2  
  39  3:21  Zergling x2  
  39  3:23  Overlord  
  39  3:24  Drone x2  
  39  3:26  Baneling  
  39  3:27  Baneling  
  42  3:28  Drone  
  42  3:31  Extractor, Lair  
  42  3:36  Drone  
  42  3:37  Zergling x2  
  44  3:43  Baneling  
  44  3:44  Drone  
  44  3:46  Extractor  
  44  3:52  Drone x5  
  44  3:55  Drone x2  
  51  4:01  Drone  
  52  4:03  Overlord  
  51  4:25  Overlord  
  51  4:26  Drone  
  51  4:28  Extractor  
  51  4:29  Drone x2  
  53  4:34  Hydralisk Den, Zergling x14  
  59  4:46  Zergling x4  
  61  4:54  Evolution Chamber  
  61  4:55  Evolution Chamber, Drone x2  
  61  4:56  Drone x2  
  61  4:59  Hatchery, Zergling x2  
  63  5:01  Overlord  
  63  5:05  Zergling x4  
  65  5:07  Baneling x5  
  65  5:19  Baneling  
  65  5:23  Zergling x2  
  65  5:24  Baneling x3, Hydralisk x3  
  72  5:29  Muscular Augments  
  69  5:39  Zerg Missile Weapons Level 1  
  69  5:40  Hydralisk, Zerg Melee Weapons Level 1  
  71  5:45  Hydralisk, Zergling x2  
  74  5:52  Overlord x2  
  74  5:58  Overlord  
  74  6:00  Unknown  
  74  6:14  Queen  
  74  6:18  Hydralisk x5  
  78  6:25  Hydralisk x2  
  86  6:31  Baneling x5  
  88  6:35  Hydralisk  
  90  6:43  Hydralisk  
  90  6:44  Hydralisk  
  94  6:47  Overlord  
  94  6:49  Zergling x4  
  93  6:54  Drone x2, Overlord  
  93  6:58  Drone  
  93  7:00  Zergling x2  
  95  7:06  Drone x2  
  97  7:09  Drone x6  
  97  7:13  Hydralisk  
  105  7:17  Baneling x2, Zergling x2  
  102  7:32  Hydralisk  
  102  7:36  Zergling x2  
  101  7:37  Zergling x16  
  101  7:40  Overlord  
  101  7:41  Hydralisk  
Show
View Real Time Build Order
Export as new Build Order

StekepaNNe Zerg 

Build Orders: Hatch First 

Get SALT Encoding   

  12  0:02  Drone  
  13  0:12  Overlord  
  13  0:17  Drone  
  14  0:31  Drone x2  
  16  0:35  Drone  
  17  0:55  Hatchery  
  17  0:57  Drone  
  17  0:59  Drone  
  17  1:02  Extractor  
  17  1:16  Spawning Pool  
  16  1:20  Drone  
  16  1:23  Drone  
  18  1:30  Drone  
  19  1:40  Overlord  
  19  1:50  Drone  
  20  2:03  Queen  
  20  2:04  Zergling x2  
  20  2:05  Metabolic Boost  
  20  2:07  Queen  
  25  2:11  Drone  
  25  2:14  Drone  
  27  2:19  Drone  
  28  2:37  Hatchery  
  27  2:40  Drone x2  
  29  2:47  Zergling x6  
  32  2:55  Drone  
  32  2:56  Baneling Nest  
  29  3:16  Drone x4  
  29  3:17  Drone x3  
  36  3:24  Overlord  
  36  3:31  Overlord  
  36  3:43  Zergling x2  
  36  3:44  Drone x4  
  41  3:49  Drone x2  
  41  3:50  Drone x3  
  41  3:55  Queen  
  46  4:01  Extractor  
  47  4:02  Lair  
  47  4:10  Drone x4  
  47  4:12  Drone  
  51  4:19  Drone x3  
  54  4:25  Roach Warren  
  54  4:28  Zergling x8  
  55  4:40  Drone  
  55  4:42  Extractor  
  55  4:43  Baneling x2  
  55  4:44  Zergling x6  
  58  4:53  Overlord x3  
  58  4:54  Extractor  
  57  5:00  Evolution Chamber  
  57  5:06  Glial Reconstitution  
  56  5:08  Roach  
  56  5:09  Overlord x2  
  56  5:13  Roach x2  
  56  5:14  Roach x3  
  68  5:20  Baneling x3  
  68  5:21  Baneling x2  
  67  5:26  Overseer  
  67  5:28  Drone  
  67  5:29  Drone x2  
  67  5:30  Drone  
  67  5:31  Drone x2  
  67  5:32  Roach  
  58  5:36  Drone x3  
  61  5:43  Drone x2  
  61  5:44  Drone  
  61  5:48  Drone  
  61  5:49  Drone  
  66  5:52  Drone  
  66  5:56  Roach  
  69  5:59  Roach  
  71  6:07  Roach x3  
  77  6:12  Roach x2  
  81  6:19  Roach x2  
  81  6:20  Roach  
  87  6:28  Queen  
  87  6:33  Ravager  
  87  6:35  Drone x5  
  93  6:42  Roach x2  
  97  6:49  Overlord x2  
  96  7:00  Overlord  
  96  7:09  Roach x5  
  106  7:19  Evolution Chamber  
  95  7:36  Roach  
  95  7:37  Roach x11  
  99  7:46  Overlord x3  
Tags
 
Add a new tag
Caveats
  • Supply blocks, unpowered buildings, or Contaminate may cause inaccurate times.
  • Supply counts are checked every 10 seconds.